Workbook
Name CONCATENAR: CONCATENATE(#REF!," ",#REF!)
Name CONCATENAR: CONCATENATE(#REF!," ",#REF!)
Name DATABASE: #REF!
Name DATABASE: #REF!
Name DATAEMISSAO: #REF!
Name DATAEMISSAO: #REF!
Name DATART: #REF!
Name EMPRESAS: OFFSET([1]Cotações!$B$25,1,0):OFFSET([1]Cotações!$H$41,-1,0)
Name INDICES: OFFSET([1]Cotações!$B$20,1,0):OFFSET([1]Cotações!$I$24,-1,0)
Name LOCALIDADE: #REF!
Name NCOMPOSICOES: 15
Name NCOTACOES: 15
Name NEMPRESAS: 15
Name NINDICES: 3
Name NRELATORIOS: COUNTA([1]Relatórios!$A$1:$A$65536)-2
Name NumerEmpresa: 15
Name NumerIndice: 3
Name Objeto: "Referência"
Name RelatoriosFontes: OFFSET([1]Relatórios!$A$5,1,0,NRELATORIOS)
Name RelatoriosFontes: OFFSET([1]Relatórios!$A$5,1,0,NRELATORIOS)

Sheet ORÇAMENTO
B2: PLANILHA ORÇAMENTÁRIA PREFEITURA MUNCIPAL DE ALEGRIA/RS
B3: OBRA: | C3: PAVIMENTAÇÃO ASFÁLTICA PARA A REVITALIZAÇÃO DAS ESTRADAS NO PERÍMETRO URBANO
B4: DATA ORÇAMENTO: | E4: RESPONSÁVEL TÉCNICO ESTIMATIVA DE VALORES: | F4: MARIANA A. R. FERREIRA | J4: BDI 1 | K4: BDI 2
B5: 46163 | E5: REPONSÁVEL MUNICÍPIO DE ALEGRIA: | F5: FÁBIO LUCIANO SCHAKOFSKI | J5: ='BDI 1'!E20 -> 0.2088 | K5: ='BDI 2 indireto'!D8 -> 0.15
E6: REFERÊNCIA TÉCNICA: | F6: SICRO 1/2026
B7: Fonte | C7: Código | D7: Item | E7: Descrição Serviço | F7: Unid. | G7: Quant. | H7: Valor Unit. | I7: Valor c/BDI | J7: Total Subitem | K7: Item
D8: 1.00 | E8: SERVIÇOS INICIAIS | K8: =ROUND(SUM(J9:J11),2) -> 55798.69
B9: Comp. | C9: 1 | D9: 1.01 | E9: Mobilização de maquinários - Pav. sobre Calçamento | F9: km | G9: 71.4 | H9: 57.52 | I9: =ROUND(H9*(1+$K$5),2) -> 66.15 | J9: =ROUND(I9*G9,2) -> 4723.11
B10: Comp. | C10: 2 | D10: 1.02 | E10: Administração local | F10: % | G10: 100 | H10: 415.23 | I10: =ROUND(H10*(1+$J$5),2) -> 501.93 | J10: =ROUND(I10*G10,2) -> 50193
B11: SICRO3 | C11: 5213544 | D11: 1.03 | E11: Placa em aço, modulada - 3,00 x 1,50 m - película retrorrefletiva tipo I + I - fornecimento e implantação | F11: Unid. | G11: 1 | H11: 730.13 | I11: =ROUND(H11*(1+$J$5),2) -> 882.58 | J11: =ROUND(I11*G11,2) -> 882.58
D12: 2.00 | E12: REPERFILAGEM SOB. CALÇAMENTO | K12: =ROUND(SUM(J13:J19),2) -> 673217.81
B13: Comp. | C13: 4 | D13: 2.01 | E13: LIMPEZA MANUAL DE VEGETAÇÃO EM TERRENO COM ENXADA. Executado pelo município | F13: m² | G13: 12672.64 | H13: 0 | I13: =ROUND(H13*(1+$J$5),2) -> 0 | J13: =ROUND(I13*G13,2) -> 0
B14: SICRO3 | C14: 4011353 | D14: 2.02 | E14: Pintura de ligação | F14: m² | G14: 12672.64 | H14: 0.42 | I14: =ROUND(H14*(1+$J$5),2) -> 0.51 | J14: =ROUND(I14*G14,2) -> 6463.05
B15: Comp. | C15: 5 | D15: 2.03 | E15: Emulsões asfálticas RR-2C (acrescido de 17% de ICMS + PIS/CONFIS). JAN_2026 | F15: t | G15: =ROUND((G14*0.45)/1000,2) -> 5.7 | H15: =cotação!H3 -> 3475.5542 | I15: =ROUND(H15*(1+$J$5),2) -> 4201.25 | J15: =ROUND(I15*G15,2) -> 23947.13
B16: SICRO3 | C16: 4011463 | D16: 2.04 | E16: Concreto asfáltico - faixa C-12,5 - areia e brita comerciais | F16: t | G16: =ROUND(G14*0.03*2.5548,2) -> 971.28 | H16: 191.74 | I16: =ROUND(H16*(1+$J$5),2) -> 231.78 | J16: =ROUND(I16*G16,2) -> 225123.28
B17: Comp. | C17: 6 | D17: 2.05 | E17: Cimentos asfálticos CAP 50/70 (acrescido de 17% de ICMS + PIS/CONFIS). JAN_2026 | F17: t | G17: =ROUND(G16*0.0566,2) -> 54.97 | H17: =cotação!H4 -> 4173.253 | I17: =ROUND(H17*(1+$J$5),2) -> 5044.63 | J17: =ROUND(I17*G17,2) -> 277303.31
B18: SICRO3 | C18: 5914622 | D18: 2.06 | E18: Transporte de material betuminoso com caminhão tanque distribuidor - rodovia pavimentada | F18: tkm | G18: =ROUND((G17+G15)*464,2) -> 28150.88 | H18: 2.21 | I18: =ROUND(H18*(1+$K$5),2) -> 2.54 | J18: =ROUND(I18*G18,2) -> 71503.24
B19: SICRO3 | C19: 5914389 | D19: 2.07 | E19: Transporte com caminhão basculante de 10 m³ - rodovia pavimentada | F19: tkm | G19: =ROUND((G17+G16)*71.4,2) -> 73274.25 | H19: 0.82 | I19: =ROUND(H19*(1+$K$5),2) -> 0.94 | J19: =ROUND(I19*G19,2) -> 68877.8
D20: 3.00 | E20: DETERIORAÇÃO LOCALIZADA EM PAVIMENTO DE PEDRA IRREGULAR | K20: =ROUND(SUM(J21:J26),2) -> 8282.83
B21: SICRO3 | C21: 4805749 | D21: 3.01 | E21: Escavação manual de vala em material de 1ª categoria | F21: M³ | G21: 59.4 | H21: 0.42 | I21: =ROUND(H21*(1+$J$5),2) -> 0.51 | J21: =ROUND(I21*G21,2) -> 30.29
B22: SICRO3 | C22: 4011209 | D22: 3.02 | E22: Regularização do subleito - 100% Proctor intermediário | F22: m² | G22: 198 | H22: 1.85 | I22: =ROUND(H22*(1+$J$5),2) -> 2.24 | J22: =ROUND(I22*G22,2) -> 443.52
B23: SICRO3 | C23: 4011280 | D23: 3.03 | E23: Base ou sub-base de macadame seco com brita produzida - 100% Proctor modificado | F23: M³ | G23: 29.7 | H23: 96.96 | I23: =ROUND(H23*(1+$J$5),2) -> 117.21 | J23: =ROUND(I23*G23,2) -> 3481.14
B24: SICRO3 | C24: 5914389 | D24: 3.04 | E24: TRANSPORTE COM CAMINHÃO BASCULANTE DE 10 M³, EM VIA URBANA PAVIMENTADA - Executado pelo município | F24: tkm | G24: 887.04 | H24: 0 | I24: =ROUND(H24*(1+$K$5),2) -> 0 | J24: =ROUND(I24*G24,2) -> 0
B25: SICRO3 | C25: 4011275 | D25: 3.05 | E25: Base ou sub-base de brita graduada com brita produzida - 100% Proctor modificado | F25: M³ | G25: 29.7 | H25: 120.55 | I25: =ROUND(H25*(1+$J$5),2) -> 145.72 | J25: =ROUND(I25*G25,2) -> 4327.88
B26: SICRO3 | C26: 5914389 | D26: 3.06 | E26: TRANSPORTE COM CAMINHÃO BASCULANTE DE 10 M³, EM VIA URBANA PAVIMENTADA - Executado pelo município | F26: tkm | G26: 246.51 | H26: 0 | I26: =ROUND(H26*(1+$K$5),2) -> 0 | J26: =ROUND(I26*G26,2) -> 0
D27: 4.00 | E27: CAPA SOB. CALÇAMENTO | K27: =ROUND(SUM(J28:J33),2) -> 600992.25
B28: SICRO3 | C28: 4011353 | D28: 4.01 | E28: Pintura de ligação | F28: m² | G28: 12672.64 | H28: 0.42 | I28: =ROUND(H28*(1+$J$5),2) -> 0.51 | J28: =ROUND(I28*G28,2) -> 6463.05
B29: Comp. | C29: 7 | D29: 4.02 | E29: Emulsões asfálticas RR-2C (acrescido de 17% de ICMS + PIS/CONFIS). JAN_2026 | F29: t | G29: =ROUND((G28*0.45)/1000,2) -> 5.7 | H29: =cotação!H3 -> 3475.5542 | I29: =ROUND(H29*(1+$J$5),2) -> 4201.25 | J29: =ROUND(I29*G29,2) -> 23947.13
B30: SICRO3 | C30: 4011463 | D30: 4.03 | E30: Concreto asfáltico - faixa C-12,5 - areia e brita comerciais | F30: t | G30: =ROUND(G28*0.025*2.5548,2) -> 809.4 | H30: 191.74 | I30: =ROUND(H30*(1+$J$5),2) -> 231.78 | J30: =ROUND(I30*G30,2) -> 187602.73
B31: Comp. | C31: 8 | D31: 4.04 | E31: Cimentos asfálticos CAP 50/70 (acrescido de 17% de ICMS + PIS/CONFIS). JAN_2026 | F31: t | G31: =ROUND(G30*0.06323,2) -> 51.18 | H31: =cotação!H4 -> 4173.253 | I31: =ROUND(H31*(1+$J$5),2) -> 5044.63 | J31: =ROUND(I31*G31,2) -> 258184.16
B32: SICRO3 | C32: 5914622 | D32: 4.05 | E32: Transporte de material betuminoso com caminhão tanque distribuidor - rodovia pavimentada | F32: tkm | G32: =ROUND((G29+G31)*464,2) -> 26392.32 | H32: 2.21 | I32: =ROUND(H32*(1+$K$5),2) -> 2.54 | J32: =ROUND(I32*G32,2) -> 67036.49
B33: SICRO3 | C33: 5914389 | D33: 4.06 | E33: Transporte com caminhão basculante de 10 m³ - rodovia pavimentada | F33: tkm | G33: =ROUND((G30+G31)*71.4,2) -> 61445.41 | H33: 0.82 | I33: =ROUND(H33*(1+$K$5),2) -> 0.94 | J33: =ROUND(I33*G33,2) -> 57758.69
D34: 5.00 | E34: ADMINISTRAÇÃO LOCAL E LIMPEZA DE OBRA | K34: =ROUND(SUM(J35:J35),2) -> 4723.11
B35: Comp. | C35: 9 | D35: 5.01 | E35: Desmobilização de maquinários - Pav. sobre Calçamento | F35: km | G35: 71.4 | H35: 57.52 | I35: =ROUND(H35*(1+$K$5),2) -> 66.15 | J35: =ROUND(I35*G35,2) -> 4723.11
B36: TOTAL | K36: =ROUND(SUM(K8:K35),2) -> 1343014.7
J37: Repassa Estado | K37: 1000000
J38: Contrapartida Municipal TOTAL | K38: =K36-K37 -> 343014.69
E41: Responsável Técnico:
E44: Município de Alegria/RS:

Sheet cotação
B2: PRODUTO | C2: UNIDADE | D2: FONTE | E2: DATA | F2: SEM PIS E CONFINS E ICMS | G2: COM PIS E CONFINS E ICMS | H2: PREÇO DA TONELADA
B3: =ORÇAMENTO!E15 -> Emulsões asfálticas RR-2C (acrescido de 17% de ICMS + PIS/CONFIS). JAN_2026 | C3: Kg | D3: Agência Nacional do Petróleo, Gás Natural e Biocombustíveis | E3: 46023 | F3: 2.79221 | G3: =(F3+1.65%+7.6%)/(1-0.17) -> 3.4755542 | H3: =G3*1000 -> 3475.5542 | J3: PREÇO MÉDIO MENSAL PONDERADO PRATICADO PELOS DISTRIBUIDORES DE PRODUTOS ASFÁLTICOS
B4: =ORÇAMENTO!E17 -> Cimentos asfálticos CAP 50/70 (acrescido de 17% de ICMS + PIS/CONFIS). JAN_2026 | C4: Kg | D4: Agência Nacional do Petróleo, Gás Natural e Biocombustíveis | E4: 46023 | F4: 3.3713 | G4: =(F4+1.65%+7.6%)/(1-0.17) -> 4.173253 | H4: =G4*1000 -> 4173.253 | J4: PREÇO MÉDIO MENSAL PONDERADO PRATICADO PELOS DISTRIBUIDORES DE PRODUTOS ASFÁLTICOS
B8: https://www.gov.br/anp/pt-br/assuntos/precos-e-defesa-da-concorrencia/precos/precos-de-distribuicao-de-produtos-asfalticos

Sheet BDI 1
D3: PREFEITURA MUNCIPAL DE ALEGRIA/RS
D4: OBRA: | E4: =ORÇAMENTO!C3 -> PAVIMENTAÇÃO ASFÁLTICA PARA A REVITALIZAÇÃO DAS ESTRADAS NO PERÍMETRO URBANO
D5: DATA ORÇAMENTO: | G5: RESPONSÁVEL TÉCNICO PLANILHA ORÇAMENTÁRIA: | H5: =ORÇAMENTO!F4 -> MARIANA A. R. FERREIRA
D6: =ORÇAMENTO!B5 -> 46163 | G6: REPONSÁVEL MUNICÍPIO DE ALEGRIA: | H6: =ORÇAMENTO!F5 -> FÁBIO LUCIANO SCHAKOFSKI
D7: BDI | G7: DESONERADO | H7: NÃO
D8: =E20 -> 0.2088 | G8: REFERÊNCIA TÉCNICA: | H8: SICRO 3
D9: Estimativa de percentual da base de cálculo para o ISS: | J9: 0.3
D10: TIPO DE OBRA: | G10: Construções de pavimentação de ruas | I10: ISS: | J10: 0.03
D11: SIT. | E11: ADOT. | F11: SIGLA | G11: ITENS | H11: 1°Quartil | I11: Médio | J11: 3ºQuartil
D12: =IF(OR(E12<H12,E12>J12),"ERRO","OK") -> OK | E12: 0.0401 | F12: AC | G12: Adminstração Central | H12: 0.038 | I12: 0.0401 | J12: 0.0467
D13: =IF(OR(E13<H13,E13>J13),"ERRO","OK") -> OK | E13: 0.004 | F13: SG | G13: Seguro e Garantia | H13: 0.0032 | I13: 0.004 | J13: 0.0074
D14: =IF(OR(E14<H14,E14>J14),"ERRO","OK") -> OK | E14: 0.0056 | F14: R | G14: Risco | H14: 0.005 | I14: 0.0056 | J14: 0.0097
D15: =IF(OR(E15<H15,E15>J15),"ERRO","OK") -> OK | E15: 0.0111 | F15: DF | G15: Despesas Financeiras | H15: 0.0102 | I15: 0.0111 | J15: 0.0121
D16: =IF(OR(E16<H16,E16>J16),"ERRO","OK") -> OK | E16: 0.0803 | F16: L | G16: Lucro | H16: 0.0664 | I16: 0.073 | J16: 0.0869
D17: =IF(OR(E17<H17,E17>J17),"ERRO","OK") -> OK | E17: 0.0365 | F17: CP | G17: Tributos (impostos COFINS 3%, e PIS 0,65%) | H17: 0.0365 | I17: 0.0365 | J17: 0.0365
D18: =IF(OR(E18<H18,E18>J18),"ERRO","OK") -> OK | E18: 0.015 | F18: ISS | G18: Tributos (ISS do município) | H18: 0 | I18: 0.025 | J18: 0.05
D19: =IF(OR(E19<H19,E19>J19),"ERRO","OK") -> OK | E19: 0 | F19: CPRB | G19: Tributos (Contribuição Previdenciária sobre a Receita Bruta) | H19: 0 | I19: 0.045 | J19: 0.045
D20: =IF(OR(E20<H20,E20>J20),"ERRO","OK") -> OK | E20: =ROUND((((1+E12+E13+E14)*(1+E15)*(1+E16))/(1-E17-E18))-1,4) -> 0.2088 | F20: BDI PAD | G20: BDI SEM desenoração (Fórmula Acórdão TCU) | H20: 0.196 | I20: 0.2097 | J20: 0.2423
G38: Responsável Técnico:
G41: Município de Alegria/RS:

Sheet BDI 2 indireto
D3: PREFEITURA MUNCIPAL DE ALEGRIA/RS
D4: OBRA: | E4: =ORÇAMENTO!C3 -> PAVIMENTAÇÃO ASFÁLTICA PARA A REVITALIZAÇÃO DAS ESTRADAS NO PERÍMETRO URBANO
D5: DATA ORÇAMENTO: | G5: RESPONSÁVEL TÉCNICO PLANILHA ORÇAMENTÁRIA: | H5: =ORÇAMENTO!F4 -> MARIANA A. R. FERREIRA
D6: =ORÇAMENTO!B5 -> 46163 | G6: REPONSÁVEL MUNICÍPIO DE ALEGRIA: | H6: =ORÇAMENTO!F5 -> FÁBIO LUCIANO SCHAKOFSKI
D7: BDI | G7: DESONERADO | H7: NÃO
D8: =E20 -> 0.15 | G8: REFERÊNCIA TÉCNICA: | H8: SICRO 3
D9: Estimativa de percentual da base de cálculo para o ISS: | J9: 0.3
D10: TIPO DE OBRA: | G10: Construções de pavimentação de ruas | I10: ISS: | J10: 0.03
D11: SIT. | E11: ADOT. | F11: SIGLA | G11: ITENS | H11: 1°Quartil | I11: Médio | J11: 3ºQuartil
D12: =IF(OR(E12<H12,E12>J12),"ERRO","OK") -> OK | E12: 0.0199 | F12: AC | G12: Adminstração Central | H12: 0.015 | I12: 0.0345 | J12: 0.0449
D13: =IF(OR(E13<H13,E13>J13),"ERRO","OK") -> OK | E13: 0.003 | F13: SG | G13: Seguro e Garantia | H13: 0.003 | I13: 0.0048 | J13: 0.0082
D14: =IF(OR(E14<H14,E14>J14),"ERRO","OK") -> OK | E14: 0.0056 | F14: R | G14: Risco | H14: 0.0056 | I14: 0.0085 | J14: 0.0089
D15: =IF(OR(E15<H15,E15>J15),"ERRO","OK") -> OK | E15: 0.0085 | F15: DF | G15: Despesas Financeiras | H15: 0.0085 | I15: 0.0085 | J15: 0.0111
D16: =IF(OR(E16<H16,E16>J16),"ERRO","OK") -> OK | E16: 0.035 | F16: L | G16: Lucro | H16: 0.035 | I16: 0.0511 | J16: 0.0622
D17: =IF(OR(E17<H17,E17>J17),"ERRO","OK") -> OK | E17: 0.0365 | F17: CP | G17: Tributos (impostos COFINS 3%, e PIS 0,65%) | H17: 0.0365 | I17: 0.0365 | J17: 0.0365
D18: =IF(OR(E18<H18,E18>J18),"ERRO","OK") -> OK | E18: 0.03 | F18: ISS | G18: Tributos (ISS do município) | H18: 0 | I18: 0.025 | J18: 0.05
D19: =IF(OR(E19<H19,E19>J19),"ERRO","OK") -> OK | E19: 0 | F19: CPRB | G19: Tributos (Contribuição Previdenciária sobre a Receita Bruta) | H19: 0 | I19: 0.045 | J19: 0.045
D20: =IF(OR(E20<H20,E20>J20),"ERRO","OK") -> OK | E20: =ROUND((((1+E12+E13+E14)*(1+E15)*(1+E16))/(1-E17-E18))-1,4) -> 0.15 | F20: BDI PAD | G20: BDI SEM desenoração (Fórmula Acórdão TCU) | H20: 0.111 | I20: 0.1402 | J20: 0.168
G38: Responsável Técnico:
G41: Município de Alegria/RS:

Sheet Cronograma
C3: PREFEITURA MUNCIPAL DE ALEGRIA/RS
C4: OBRA: | D4: =ORÇAMENTO!C3 -> PAVIMENTAÇÃO ASFÁLTICA PARA A REVITALIZAÇÃO DAS ESTRADAS NO PERÍMETRO URBANO
C5: RESP. TÉCNICO CRONOGRAMA: | F5: =ORÇAMENTO!F4:I4 -> MARIANA A. R. FERREIRA
C6: RESP. MUNICÍPIO DE ALEGRIA: | F6: =ORÇAMENTO!F5:I5 -> FÁBIO LUCIANO SCHAKOFSKI
C7: DATA: | F7: =ORÇAMENTO!B5 -> 46163
C9: ITEM | D9: DESCRIÇÃO | E9: ORÇAMENTO | F9: CRONOGRAMA FÍSICO | K9: CRONOGRAMA FINANCEIRO
F10: mês 1 | G10: mês 2 | H10: mês 3 | I10: mês 4 | J10: mês 5 | K10: Valor Acumulado | L10: % Item | M10: % Acum.
C11: 1.00 | D11: =ORÇAMENTO!E8 -> SERVIÇOS INICIAIS | E11: =ORÇAMENTO!K8 -> 55798.69 | F11: 1 | G11: 0 | H11: 0 | I11: 0 | J11: 0 | K11: =E11 -> 55798.69 | L11: =E11/$E$16 -> 0.041547342 | M11: =L11 -> 0.041547342
C12: 2.00 | D12: =ORÇAMENTO!E12 -> REPERFILAGEM SOB. CALÇAMENTO | E12: =ORÇAMENTO!K12 -> 673217.81 | F12: 0 | G12: 0 | H12: 1 | I12: 0 | J12: 0 | K12: =E12 -> 673217.81 | L12: =E12/$E$16 -> 0.5012736 | M12: =L12+M11 -> 0.54282094
C13: 3.00 | D13: =ORÇAMENTO!E20 -> DETERIORAÇÃO LOCALIZADA EM PAVIMENTO DE PEDRA IRREGULAR | E13: =ORÇAMENTO!K20 -> 8282.83 | F13: 0 | G13: 1 | H13: 0 | I13: 0 | J13: 0 | K13: =E13 -> 8282.83 | L13: =E13/$E$16 -> 0.0061673413 | M13: =L13+M12 -> 0.54898828
C14: 4.00 | D14: =ORÇAMENTO!E27 -> CAPA SOB. CALÇAMENTO | E14: =ORÇAMENTO!K27 -> 600992.25 | F14: 0 | G14: 0 | H14: 0 | I14: 1 | J14: 0 | K14: =E14 -> 600992.25 | L14: =E14/$E$16 -> 0.44749492 | M14: =L14+M13 -> 0.9964832
C15: 5.00 | D15: =ORÇAMENTO!E34 -> ADMINISTRAÇÃO LOCAL E LIMPEZA DE OBRA | E15: =ORÇAMENTO!K34 -> 4723.11 | F15: 0 | G15: 0 | H15: 0 | I15: 0 | J15: 1 | K15: =E15 -> 4723.11 | L15: =E15/$E$16 -> 0.003516797 | M15: =L15+M14 -> 1
D16: TOTAL | E16: =ROUND(SUM(E11:E15),2) -> 1343014.7 | F16: {=ROUND(SUM($E$11:$E$15*F11:F15),2)} -> 55798.69 | G16: {=ROUND(SUM($E$11:$E$15*G11:G15),2)} -> 8282.83 | H16: {=ROUND(SUM($E$11:$E$15*H11:H15),2)} -> 673217.81 | I16: {=ROUND(SUM($E$11:$E$15*I11:I15),2)} -> 600992.25 | J16: {=ROUND(SUM($E$11:$E$15*J11:J15),2)} -> 4723.11
E17: ACUM. MÊS | F17: =F16 -> 55798.69 | G17: =G16+F17 -> 64081.52 | H17: =H16+G17 -> 737299.33 | I17: =I16+H17 -> 1338291.6 | J17: =J16+I17 -> 1343014.7
E18: % MÊS | F18: =F16/$E$16 -> 0.041547342 | G18: =G16/$E$16 -> 0.0061673413 | H18: =H16/$E$16 -> 0.5012736 | I18: =I16/$E$16 -> 0.44749492 | J18: =J16/$E$16 -> 0.003516797
E19: % ACUM. MÊS | F19: =F18 -> 0.041547342 | G19: =G18+F19 -> 0.047714683 | H19: =H18+G19 -> 0.54898828 | I19: =I18+H19 -> 0.9964832 | J19: =J18+I19 -> 1
E22: Responsável Técnico:
E25: Município de Alegria/RS:
